 Dungeon Crawl Stone Soup version 0.28-a0-863-g8cecda6153 (webtiles) character file.

Game seed: 10667072468405847399

149 vineage the Skirmisher (level 5, 2/42 HPs)
             Began as a Demonspawn Gladiator on Nov 18, 2021.
             Was an Initiate of Okawaru.
             Quit the game on level 4 of the Dungeon.
             The game lasted 00:04:08 (3058 turns).

vineage the Skirmisher (Demonspawn Gladiator)       Turns: 3058, Time: 00:04:09

Health: 2/42       AC:  5    Str: 15    XL:     5   Next: 9%
Magic:  5/5        EV: 13    Int: 16    God:    Okawaru [......]
Gold:   125        SH:  5    Dex: 20    Spells: 4/4 levels left

rFire   . . .      SeeInvis .     - Unarmed
rCold   . . .      Faith    .   (no shield)
rNeg    . . .      Spirit   .   b - +0 leather armour
rPois   .          Reflect  +   c - +0 helmet
rElec   .          Harm     .   i - scarf {+Inv}
rCorr   .          Rampage  .   (no gloves)
Will    .....                   n - +0 pair of boots
Stlth   +.........              h - amulet of reflection
HPRegen 0.14/turn               e - +6 ring of dexterity
MPRegen 0.18/turn               m - +6 ring of intelligence

@: no status effects
A: claws 1, powered by death 1, magic regeneration
a: Renounce Religion, Evoke Invisibility


You were on level 4 of the Dungeon.
You worshipped Okawaru.
Okawaru was noncommittal.
You visited 1 branch of the dungeon, and saw 5 of its levels.

You collected 125 gold pieces.

Inventory:

Hand Weapons
 a - a +0 long sword
Missiles
 d - 3 throwing nets (quivered)
Armour
 b - a +0 leather armour (worn)
 c - a +0 helmet (worn)
 i - a scarf of invisibility (worn)
 n - a +0 pair of boots (worn)
Jewellery
 e - a +6 ring of dexterity (left claw)
 h - an amulet of reflection (around neck)
 m - a +6 ring of intelligence (right claw)
Scrolls
 g - 2 scrolls of teleportation
 k - 2 scrolls of enchant armour {unknown}
 l - a scroll of immolation {unknown}
 p - a scroll of fear {unknown}
 q - a scroll of identify
Potions
 f - 2 potions of curing
 j - a potion of magic
 o - a potion of mutation
 r - 2 potions of cancellation
 s - a potion of ambrosia {unknown}
 t - a potion of invisibility {unknown}


   Skills:
 + Level 3.9 Fighting
 - Level 2.6 Long Blades
 - Level 1.7 Throwing
 - Level 2.6 Dodging
 * Level 3.1 Unarmed Combat


You had 4 spell levels left.
You didn't know any spells.
Your spell library was empty.

Dungeon Overview and Level Annotations

Branches:
Dungeon (5/15)
 Temple: D:4-7

Altars:
Dithmenos
Kikubaaqudgha
Okawaru

Shops:
D:1 *

Annotations:
D:3 2 transporters, t4s4d4r's ghost, weakling DgFi
D:4 Grinder


Innate Abilities, Weirdness & Mutations

You have sharp fingernails.
You regenerate a little health from kills.
You regenerate magic rapidly.


Message History

There is a stone staircase leading up here.
You climb upwards.
Level annotation: Grinder
There is a stone staircase leading down here.
You scratch the water moccasin skeleton.
The water moccasin skeleton is lightly damaged.
The water moccasin skeleton bites you but does no damage.
You scratch the water moccasin skeleton.
The water moccasin skeleton is moderately damaged.
You block the water moccasin skeleton's attack.
The water moccasin skeleton closely misses you.
You barely miss the water moccasin skeleton.
Your claw misses the water moccasin skeleton.
The water moccasin skeleton is moderately damaged.
You block the water moccasin skeleton's attack.
You scratch the water moccasin skeleton.
The water moccasin skeleton is heavily damaged.
The water moccasin skeleton barely misses you.
You scratch the water moccasin skeleton.
The water moccasin skeleton is heavily damaged.
The water moccasin skeleton bites you.
* * * LOW HITPOINT WARNING * * *
You scratch the water moccasin skeleton.
The water moccasin skeleton is severely damaged.
You block the water moccasin skeleton's attack.
You claw the water moccasin skeleton!
The water moccasin skeleton is almost destroyed.
The water moccasin skeleton barely misses you.
You closely miss the water moccasin skeleton.
The water moccasin skeleton is almost destroyed.
The water moccasin skeleton misses you. The water moccasin skeleton bites you.
* * * LOW HITPOINT WARNING * * *
You claw the water moccasin skeleton!
You destroy the water moccasin skeleton!
Okawaru accepts your kill.
Your Unarmed Combat skill increases to level 3!
You have reached level 5!
Your demonic ancestry asserts itself...
Your magic begins to regenerate rapidly.
Are you sure you want to abandon this character and quit the game? (Confirm with "yes".)

#### #...## ##.....##
#.......#
####.#._.#.##
#....##.##..#
#...@.###...#
##..........# ## #
#......(...## .## .#
##....##..### <.#
...###..>......# .(#
##..............#
..##...........#.####
.##........#...###
..#........#...##


There were no monsters in sight!

Vanquished Creatures
  A water moccasin skeleton (D:4)
  A hound skeleton (D:4)
  2 adders (D:3)
  A worm (D:3)
  2 dart slugs
  An orc (D:3)
  6 bats
  8 endoplasms
  3 giant cockroaches
  7 goblins
  6 hobgoblins
  2 jackals (D:1)
  2 kobolds
  2 quokkas
  5 ball pythons
  5 frilled lizards
  8 rats
62 creatures vanquished.

Notes
Turn   | Place    | Note
-------+----------+-------------------------------------------
     0 | D:1      | vineage the Demonspawn Gladiator began the quest for the
                  | Orb.
     0 | D:1      | Reached XP level 1. HP: 16/16 MP: 1/1
   221 | D:1      | Gained mutation: You have sharp fingernails. [demonic
                  | ancestry]
   221 | D:1      | Reached XP level 2. HP: 19/23 MP: 2/2
   578 | D:1      | Found Nugukil's Assorted Antiques.
   702 | D:1      | Reached skill level 1 in Unarmed Combat
   852 | D:1      | Reached XP level 3. HP: 26/29 MP: 3/3
  2073 | D:3      | Found a faded altar of an unknown god.
  2272 | D:3      | Gained mutation: You regenerate a little health from kills.
                  | [demonic ancestry]
  2272 | D:3      | Reached XP level 4. HP: 32/35 MP: 4/4
  2319 | D:3      | Found a transporter.
  2654 | D:3      | Found a transporter.
  2654 | D:3      | Noticed t4s4d4r's ghost (weakling DgFi)
  2685 | D:3      | Found a faded altar of an unknown god.
  2690 | D:3      | Found an ancient bone altar of Kikubaaqudgha.
  2851 | D:4      | Noticed a black bear
  2855 | D:4      | Found an iron altar of Okawaru.
  2865 | D:4      | Became a worshipper of Warmaster Okawaru
  2984 | D:4      | Noticed Grinder
  2984 | D:4      | Noticed a scorpion
  3015 | D:4      | Found a shadowy altar of Dithmenos.
  3040 | D:5      | Entered Level 5 of the Dungeon
  3056 | D:4      | HP: 1/36 [water moccasin skeleton (4)]
  3058 | D:4      | Gained mutation: You regenerate magic rapidly. [demonic
                  | ancestry]
  3058 | D:4      | Reached XP level 5. HP: 2/42 MP: 5/5
  3058 | D:4      | Quit the game

Illustrated notes

Levels and vault maps discovered:
D:1:      zaba_arrival_water, layout_loops_ring, serial_shops,
          nicolae_shop_behind_doors, corexii_hall_statues_x
D:2:      layout_rooms
D:3:      layout_loops_ring, nicolae_overflow_ecumenical_swirl,
          hellmonk_ecumenical_altar_pennies_from_heaven,
          gammafunk_ghost_stat_death, lemuel_flame_loot_1
D:4:      layout_cave_pools, nicolae_dithmenos_through_a_glass_darkly,
          okawaru_metal_pillars_1_2, serial_rivers,
          chequers_serial_rivers_small_3, chequers_serial_rivers_micro_a,
          chequers_serial_rivers_micro_b, chequers_serial_rivers_micro_c,
          chequers_serial_rivers_micro_d, uniq_grinder
D:5:      layout_loops_ring, st_stairs_12, uniq_duvessa

Skill      XL: |  1  2  3  4 |
---------------+-------------+-----
Fighting       | 3 |  3.9
Unarmed Combat | 1 2 3 |  3.1
Long Blades    | |  2.6
Throwing       | |  1.7
Dodging        | |  2.6

Action                   |  1- 3 |  4- 6 || total
-------------------------+-------+-------++-------
Melee: Long sword        |    30 |       ||    30
       Unarmed           |   159 |    56 ||   215
       Punch             |     1 |       ||     1
  Use: Scroll            |     2 |     4 ||     6
 Stab: Sleeping          |     5 |     1 ||     6
Armor: Leather armour    |    39 |    14 ||    53
Dodge: Dodged            |   107 |    35 ||   142
Block: Other             |    27 |    17 ||    44

Table legend: (Time is in decaauts)
 A = Elapsed time spent in this place.
 B = Non-inter-level travel time spent in this place.
 C = Inter-level travel time spent in this place.
 D = Time resting spent in this place.
 E = Time spent auto-exploring this place.
 F = Levels seen in this place.
 G = Mean time per level.
                   A        B        C        D        E       F      G
               +--------+--------+--------+--------+--------+-----+--------+
         Total |   3067 |   2920 |    147 |      0 |   2353 |   5 |  613.4 |
       Dungeon |   3067 |   2920 |    147 |      0 |   2353 |   5 |  613.4 |
               +--------+--------+--------+--------+--------+-----+--------+

Top non-repeatable levels by time:
     D:1: 1157 daAuts
     D:3: 1088 daAuts
     D:2: 575 daAuts
     D:4: 242 daAuts
     D:5: 3 daAuts
